Cogmind - Beta 11.1 @@@ ROGUE MODE // 2022.08.02 @ 21:49:47 Player: tkc Result: Destroyed by D-63 Destroyer with Heavy Rocket Launcher Performance ------------- Evolutions (5) 2500 Regions Visited (15) 3000 Robots Destroyed (258) 1290 Value Destroyed (7272) 7272 Prototype IDs (25) 500 Alien Tech Used (0) 0 Bonus (2290) 2290 TOTAL SCORE: 16852 Bonus ------- High Alert Combat Kills 1489 Follower Combat Kills 299 Met Data Miner 300 Met Zhirov 300 Friendly Fire -98 Cogmind --------- Core Integrity 0/1000 Matter 5/300 Energy 34/100 System Corruption 0% Temperature Cool (0) Movement Flying (29) Location -4/Proximity Caves Parts ------- > --- POWER (2) -------- (None) > --- PROPULSION (4) --- Cooled Nuclear Pulse Thruster Cooled Nuclear Pulse Thruster Cooled Nuclear Pulse Thruster > --- UTILITY (9) ------ Medium Storage Unit Advanced Signal Interpreter Makeshift Hacking Suite > --- WEAPON (2) ------- (None) > --- INVENTORY (10) --- Heavy Antimatter Reactor Cooled Aerolev Unit Antigrav System Experimental Weapon Shielding Makeshift Armor Plating Advanced Hacking Suite Transdimensional Reconstructor Integrated Reactor Mini Grenade Launcher Mini Grenade Launcher Peak State ------------ > --- POWER ------------ Light Ion Engine Micro Nuclear Core > --- PROPULSION ------- Improved VSS Leg Improved VSS Leg Cooled Aerolev Unit Antigrav System > --- UTILITY ---------- Medium Storage Unit Advanced Signal Interpreter Advanced Melee Analysis Suite Light Armor Plating Improved Medium Armor Plating Shock Absorption System Advanced Shield Generator Hacking Suite Hacking Suite > --- WEAPON ----------- Gauss Cannon Enhanced Gauss Cannon > --- INVENTORY -------- Improved Medium Treads Improved VSS Leg Wheel Mini Grenade Launcher Mini Grenade Launcher [Rating: 70] Favorites ----------- Power Reinforced Deuterium Engine Engine Reinforced Deuterium Engine Power Core Micro Nuclear Core Reactor Heavy Antimatter Reactor Propulsion Advanced Treads Treads Advanced Treads Leg Improved VSS Leg Wheel Armored Wheel Hover Unit Improved Gravmag System Flight Unit Cooled Nuclear Pulse Thruster Utility Hacking Suite Device Improved Terrain Scanner Storage Large Storage Unit Processor Terrain Scan Processor Hackware Hacking Suite Protection Light Armor Plating Weapon Particle Cannon Energy Gun Medium Laser Energy Cannon Particle Cannon Ballistic Gun Shotgun Ballistic Cannon Assault Cannon Launcher Mini Grenade Launcher Special Weapon Mining Laser Impact Weapon Great Maul Slashing Weapon Blade Saw Special Melee Weapon Dirty Datajack Build | -11 -10 -10 -9 -8 -7 -7 -7 -7 -6 -6 -5 -5 -5 -5 -4 ------- Run | Scr Mat Min Mat Mat Fac Low Low Dat Pro Fac Fac Upp Upp Zhi Pro Slots Evolved 10 | . . . 2 2 2 . . . . 2 2 . . . . Power 1 | . . . . . . . . . . . 1 . . . . Propulsion 2 | . . . . . 1 . . . . 1 . . . . . Utility 7 | . . . 2 2 1 . . . . 1 1 . . . . Weapon . | . . . . . . . . . . . . . . . . Parts Attached 218 | 9 20 2 33 36 19 2 4 1 11 53 11 1 7 3 6 Power 19 | 1 1 1 3 4 2 . . . . 3 1 . 1 . 2 Engine 12 | 1 1 1 2 3 2 . . . . 1 1 . . . . Core 6 | . . . 1 1 . . . . . 2 . . 1 . 1 Reactor 1 | . . . . . . . . . . . . . . . 1 Propulsion 61 | 3 6 . 6 7 4 1 2 . 2 19 5 . 1 2 3 Treads 23 | . 4 . 4 3 2 . 1 . 1 7 . . 1 . . Leg 4 | . . . . . . . 1 . . . 3 . . . . Wheel 20 | 3 2 . 2 3 2 1 . . . 6 1 . . . . Hover 9 | . . . . . . . . . . 6 1 . . 2 . Flight 5 | . . . . 1 . . . . 1 . . . . . 3 Utility 59 | 2 5 . 5 12 6 1 2 . 1 18 3 1 1 1 1 Device 16 | 1 3 . 2 2 . . . . . 6 2 . . . . Storage 7 | 1 2 . . . . . . . . 2 . 1 . 1 . Processor 11 | . . . 1 4 1 . . . 1 3 . . 1 . . Hackware 7 | . . . . . 3 . . . . 3 . . . . 1 Protection 18 | . . . 2 6 2 1 2 . . 4 1 . . . . Artifact . | . . . . . . . . . . . . . . . . Weapon 79 | 3 8 1 19 13 7 . . 1 8 13 2 . 4 . . Energy Gun 5 | 2 . . . . . . . . 2 . . . 1 . . Energy Cannon 16 | . 4 . 3 3 3 . . 1 . 2 . . . . . Ballistic Gun 14 | 1 2 . 7 4 . . . . . . . . . . . Ballistic Cannon 7 | . . . . . 1 . . . 2 2 2 . . . . Launcher 19 | . . 1 5 2 2 . . . 3 5 . . 1 . . Special Weapon 7 | . 2 . 4 . . . . . 1 . . . . . . Impact Weapon 4 | . . . . 1 . . . . . 3 . . . . . Slashing Weapon 5 | . . . . 3 1 . . . . 1 . . . . . Piercing Weapon . | . . . . . . . . . . . . . . . . Special Melee Weapon 2 | . . . . . . . . . . . . . 2 . . Unidentified Prototypes 6 | . . . 1 2 1 . . . . 1 . . . . 1 Corrupted Parts 1 | . . . . . . . . . . 1 . . . . . System Corruption 1 | . . . . . . . . . . 1 . . . . . Parts Lost 77 | . 1 1 8 11 8 2 . . 4 28 3 1 9 . 1 Power 12 | . . 1 2 3 2 . . . . 2 . 1 . . 1 Propulsion 27 | . 1 . 2 3 2 1 . . 2 12 1 . 3 . . Utility 25 | . . . 2 4 2 1 . . 1 10 1 . 4 . . Weapon 13 | . . . 2 1 2 . . . 1 4 1 . 2 . . Highest Loss Streak 11 | . 1 1 3 4 6 2 . . 2 11 3 1 8 . 1 To Critical Strikes 1 | . . . . . . . . . . . 1 . . . . Average Slot Usage (%) 89 | . 96 99 96 85 94 99 100 84 86 89 86 98 52 20 33 Engine 6 | . 14 13 9 4 4 7 7 7 7 4 3 3 . . . Core 1 | . . . 1 4 . . . . . 1 5 5 7 . 1 Treads 8 | . 6 14 10 8 14 12 7 7 11 8 . . 2 . . Leg 1 | . . . . . . . . . . . 5 17 5 . . Wheel 7 | . 18 14 9 7 6 8 15 15 2 2 1 5 . . . Hover 1 | . . . . . . . . . . 10 9 . . 9 . Device 8 | . 14 14 11 9 7 5 . . . 6 9 11 3 . . Storage 8 | . 14 14 11 9 7 7 7 7 7 6 5 5 3 4 5 Processor 12 | . . . 10 20 9 15 15 15 18 15 11 11 8 5 5 Hackware 7 | . . . . . 18 15 15 15 15 15 11 11 8 . 1 Protection 6 | . . . 9 6 6 8 15 15 7 4 10 11 1 . . Energy Gun 1 | . 10 . . . . . . . 3 . . . . . . Energy Cannon 5 | . 11 21 8 2 4 7 7 . 1 3 . . . . . Ballistic Gun 2 | . 2 . 7 5 . . . . . . . . . . . Ballistic Cannon 1 | . . . . . 1 7 7 . 6 . 4 11 3 . . Special Weapon 1 | . 3 . 4 . . . . . . . . . . . . Impact Weapon 1 | . . . . 5 2 . . . . 3 2 . . . . Naked Turns 107 | . . . . . . . . . . . . . 107 . . Heaviest Build 57 | 14 32 32 40 50 48 54 54 49 54 57 53 53 50 10 17 Greatest Support 58 | 32 32 20 20 22 44 20 20 20 50 58 40 10 45 11 18 Greatest Overweight (x) 9 | . 2 2 3 9 4 4 2 2 5 4 5 5 4 . . Average Overweight (x) 1 | . 1 1 1 1 2 3 2 2 1 . 1 4 . . . Largest Inventory Capacity 15 | 8 15 15 15 15 15 15 15 15 15 15 10 10 10 10 10 Average Capacity 13 | 7 14 15 15 15 15 15 15 15 15 13 10 10 8 9 10 Most Carried 15 | 8 15 15 15 15 15 15 15 15 15 15 9 10 10 10 10 Average Carried 12 | 4 12 14 14 14 11 14 14 14 14 12 6 7 6 8 9 Final Capacity 15 | 8 15 15 15 15 15 15 15 15 15 10 10 10 5 10 10 Final Carried 15 | 8 15 15 15 15 15 15 15 15 15 6 6 10 5 10 10 Class Distribution -------------------- 35% | Scavenger-Mutant 33% | Mutant 19% | Hacker-Mutant 4% | Scavenger-Skirmisher Dominant Class ---------------- Mutant | -10/Materials Mutant | -10/Mines Mutant | -9/Materials Mutant | -8/Materials Hacker-Mutant | -7/Factory Scavenger-Mutant | -7/Lower Caves Scavenger-Mutant | -7/Lower Caves Scavenger-Mutant | -7/Data Miner Scavenger-Mutant | -6/Proximity Caves Hacker-Mutant | -6/Factory Hacker-Mutant | -5/Factory Scavenger-Mutant | -5/Upper Caves Hacker-Mutant | -5/Upper Caves Mutant | -5/Zhirov Sprinter | -4/Proximity Caves Resources | -11 -10 -10 -9 -8 -7 -7 -7 -7 -6 -6 -5 -5 -5 -5 -4 ----------- Run | Scr Mat Min Mat Mat Fac Low Low Dat Pro Fac Fac Upp Upp Zhi Pro Matter Collected 3908 | 316 275 70 738 557 213 205 40 . 282 850 73 136 102 . 51 Remotely . | . . . . . . . . . . . . . . . . Salvage Created 8365 | 203 658 304 2069 1919 671 55 . . 330 1823 133 41 159 . . Parts 382 | 12 45 14 145 61 44 . . . 14 40 6 . 1 . . Haulers Intercepted 9 | . . . 3 3 1 . . . . 2 . . . . . Recyclers Shooed 11 | . . . 3 . . . . . . 8 . . . . . Parts Field Recycled . | . . . . . . . . . . . . . . . . Retrieved Matter . | . . . . . . . . . . . . . . . . Parts Self-Destructed 28 | . . . . . . 2 . . 16 . . . 6 . 4 Prevented 1 | . . . . . . . . . . . . . 1 . . Kills | -11 -10 -10 -9 -8 -7 -7 -7 -7 -6 -6 -5 -5 -5 -5 -4 ------- Run | Scr Mat Min Mat Mat Fac Low Low Dat Pro Fac Fac Upp Upp Zhi Pro Combat Hostiles Destroyed 165 | . 16 8 52 28 15 1 . . 10 25 1 1 8 . . Melee 15 | . . . . 10 1 . . . . 3 . . 1 . . Guns 23 | . 10 . 9 4 . . . . . . . . . . . Cannons 42 | . 6 3 20 2 2 1 . . 2 2 1 1 2 . . AOE 71 | . . 5 22 5 11 . . . 8 15 . . 5 . . Classes Destroyed 17 | 3 4 . 6 2 1 . . . . 1 . . . . . Worker 30 | 2 2 . 7 7 6 . . . . 5 1 . . . . Builder 17 | . 1 . 3 1 6 . . . . 5 1 . . . . Tunneler 6 | 4 . . . 2 . . . . . . . . . . . Hauler 9 | . . . 3 3 1 . . . . 2 . . . . . Recycler 18 | 1 1 1 2 5 2 . . . . 6 . . . . . Mechanic 5 | . . . 2 2 . . . . 1 . . . . . . Operator 8 | . 1 . 3 3 . . . . . . 1 . . . . Watcher 5 | . . . 2 2 . . . . . 1 . . . . . Swarmer 35 | . 6 4 13 3 3 . . . 1 4 . . 1 . . Grunt 79 | . 10 4 29 10 5 . . . 7 11 . . 3 . . Brawler 4 | . . . . 1 2 . . . . . . . 1 . . Duelist 5 | . . . 1 2 . . . . 1 . . . 1 . . Protector 3 | . . . 1 1 . . . . . 1 . . . . . Sentry 22 | . . . 8 7 . 1 . . 1 1 1 1 2 . . Specialist 2 | . . . . . . . . . . 2 . . . . . Hunter 10 | . . . . 4 2 . . . . 4 . . . . . Programmer 5 | . . . . . 3 . . . . 2 . . . . . Best Kill Streak 18 | 5 4 5 14 7 7 1 . . 5 18 3 1 6 . . Combat Bots Only 9 | . 3 5 9 5 4 1 . . 5 9 1 1 6 . . Max Kills in Single Turn 6 | 1 2 2 5 2 6 1 . . 2 2 1 1 1 . . Gunslinging 1 | . . . 1 . . . . . . . . . . . . Exploded 4 | . . 2 4 2 2 . . . 2 2 . . 1 . . Melee 1 | . . . . 1 1 . . . . 1 . . 1 . . Uniques/NPCs Destroyed . | . . . . . . . . . . . . . . . . Combat | -11 -10 -10 -9 -8 -7 -7 -7 -7 -6 -6 -5 -5 -5 -5 -4 -------- Run | Scr Mat Min Mat Mat Fac Low Low Dat Pro Fac Fac Upp Upp Zhi Pro Damage Taken 11997 | . 483 319 1516 1916 1147 190 . . 490 3333 212 204 1741 . 446 Core 2785 | . 86 105 251 290 178 16 . . 45 806 . 39 838 . 131 Absorbed by Shields 194 | . . . . . . . . . . . 76 72 46 . . Regen/Repaired (Parts) 78 | . 15 . 28 35 . . . . . . . . . . . Core Remaining (%) 46 | 100 . 23 37 47 . . . . 65 5 . . . . . Volleys Fired 436 | 19 71 14 155 26 33 5 . . 23 58 4 5 23 . . Largest 2 | 2 2 2 2 2 2 2 . . 2 2 2 2 2 . . Hottest 138 | 90 136 136 136 136 136 112 . . 112 120 105 105 138 . . Shots Fired 640 | 38 128 23 213 45 46 11 . . 31 57 8 10 30 . . Gun 245 | 38 93 . 76 27 . . . . 4 . . . 7 . . Cannon 271 | . 30 18 107 12 25 11 . . 13 27 8 10 10 . . Launcher 110 | . . 5 24 6 21 . . . 11 30 . . 13 . . Special 14 | . 5 . 6 . . . . . 3 . . . . . . Kinetic 184 | . 26 . 76 27 4 5 . . 9 9 8 10 10 . . Thermal 339 | 38 102 18 113 12 21 6 . . 4 18 . . 7 . . Explosive 110 | . . 5 24 6 21 . . . 11 30 . . 13 . . Electromagnetic 4 | . . . . . . . . . 4 . . . . . . Robot Hit Streak 28 | 11 9 5 28 13 8 6 . . 7 8 3 5 7 . . Robot Miss Streak 7 | 2 4 3 7 4 3 2 . . 3 2 3 2 2 . . Penetration Max . | . . . . . . . . . . . . . . . . Secondary Targets 4 | . 1 . 3 . . . . . . . . . . . . Max Gunslinging Chain 1 | . 1 . 1 . . . . . . . . . . . . Shots Hit Robots 566 | 28 73 14 137 95 41 8 . . 18 88 10 7 47 . . Core Hits 381 | 8 30 13 101 43 43 2 . . 27 65 4 2 43 . . Critical Kills 5 | . . . 1 2 1 . . . . 1 . . . . . Critical Parts Destroyed 36 | . . . 2 18 2 . . . . 13 1 . . . . Critical Strikes 52 | 2 1 . 3 20 5 . . . . 16 2 3 . . . Burn 3 | 2 1 . . . . . . . . . . . . . . Destroy 4 | . . . 3 1 . . . . . . . . . . . Blast 6 | . . . . . 1 . . . . 1 1 3 . . . Smash 38 | . . . . 19 3 . . . . 15 1 . . . . Sever 1 | . . . . . 1 . . . . . . . . . . Melee Attacks 261 | . . . . 99 42 . . . . 77 13 . 30 . . Impact 192 | . . . . 85 27 . . . . 67 13 . . . . Slashing 39 | . . . . 14 15 . . . . 10 . . . . . Piercing 30 | . . . . . . . . . . . . . 30 . . Sneak Attacks 72 | . . . . 20 4 . . . . 16 2 . 30 . . Combat Hostiles 1 | . . . . . . . . . . 1 . . . . . Follow-up Attacks 1 | . . . . . 1 . . . . . . . . . . Damage Inflicted 23839 | 349 978 465 4345 4660 3417 175 . . 1351 6130 377 204 1388 . . Guns 2110 | 349 611 . 766 259 . . . . 30 . . . 95 . . Cannons 4087 | . 367 204 1467 183 367 175 . . 159 588 153 204 220 . . Explosions 9740 | . . 261 2112 561 2153 . . . 1150 2610 . . 893 . . Melee 7890 | . . . . 3657 897 . . . . 2932 224 . 180 . . Ramming 12 | . . . . . . . . . 12 . . . . . . Kinetic 2214 | . 116 . 766 259 78 92 . . 118 208 153 204 220 . . Thermal 4613 | 349 862 204 1619 183 797 83 . . 41 380 . . 95 . . Explosive 9080 | . . 261 1960 561 1645 . . . 1150 2610 . . 893 . . Electromagnetic 30 | . . . . . . . . . 30 . . . . . . Impact 7573 | . . . . 3657 834 . . . . 2858 224 . . . . Slashing 137 | . . . . . 63 . . . . 74 . . . . . Piercing 180 | . . . . . . . . . . . . . 180 . . Highest Corruption 12 | . . . 3 . 12 12 12 12 12 2 . . . . . Average Corruption 7 | . . . 2 . 7 12 12 12 12 1 . . . . . Corruption Purged . | . . . . . . . . . . . . . . . . Corruption Blocked . | . . . . . . . . . . . . . . . . Effects 116 | . . . 20 . 20 18 10 9 30 9 . . . . . Message Errors 29 | . . . 6 . 3 5 3 4 7 1 . . . . . Matter Fused 32 | . . . 6 . 6 2 3 2 10 3 . . . . . Heat Flow Errors 15 | . . . 2 . 4 3 2 . 4 . . . . . . Energy Discharges 15 | . . . 2 . 2 3 2 1 4 1 . . . . . Parts Rejected 1 | . . . . . . . . . . 1 . . . . . Data Loss (minor) 12 | . . . 3 . 3 2 . 1 2 1 . . . . . Data Loss (major) 4 | . . . . . . 2 . 1 1 . . . . . . Misfires 3 | . . . 1 . 1 1 . . . . . . . . . Alerts 2 | . . . . . 1 . . . 1 . . . . . . Weapon Failures 3 | . . . . . . . . . 1 2 . . . . . Overload Shots . | . . . . . . . . . . . . . . . . Overflow Damage 3896 | . 1 . 95 1704 548 . . . 16 1458 74 . . . . Projectiles 86 | . 1 . 20 13 3 . . . . 43 6 . . . . Explosions 376 | . . . 75 . 184 . . . 16 101 . . . . . Melee 3434 | . . . . 1691 361 . . . . 1314 68 . . . . Knockbacks 28 | . . . . 12 3 . . . . 12 1 . . . . Impact 24 | . . . . 11 3 . . . . 10 . . . . . Kinetic 2 | . . . . . . . . . . 1 1 . . . . Secondary 2 | . . . . 1 . . . . . 1 . . . . . Self-Inflicted Damage 629 | . . 47 2 11 260 . . . . 309 . . . . . Shots 22 | . . 2 1 1 6 . . . . 12 . . . . . Rammed 6 | . . . . . . . . . 6 . . . . . . Targets Rammed 6 | . . . . . . . . . 6 . . . . . . Kicked . | . . . . . . . . . . . . . . . . Crushed . | . . . . . . . . . . . . . . . . Highest Temperature 408 | 170 324 213 408 90 207 294 255 . 272 150 114 96 325 . . Average Temperature 84 | 71 89 87 78 38 77 116 112 . 122 40 48 46 120 . . Received Heat Transfer 2803 | . 201 102 498 522 144 54 . . 135 705 49 30 330 . 33 Effects 2 | . . . 2 . . . . . . . . . . . . Shutdowns 1 | . . . 1 . . . . . . . . . . . . Energy Bleed 1 | . . . 1 . . . . . . . . . . . . Siege Activations . | . . . . . . . . . . . . . . . . Robots Corrupted . | . . . . . . . . . . . . . . . . Combat Hostiles . | . . . . . . . . . . . . . . . . Parts Fried 54 | . . . . 27 3 . . . . 21 3 . . . . Impact Corruptions 112 | . . . . 54 12 . . . . 42 4 . . . . Robots Melted 2 | . . . 1 . 1 . . . . . . . . . . Combat Hostiles 2 | . . . 1 . 1 . . . . . . . . . . Parts Melted 11 | . 5 1 4 1 . . . . . . . . . . . Heat Transferred 8216 | 1065 2042 370 2715 323 781 148 . . 74 550 . . 148 . . Parts Sabotaged . | . . . . . . . . . . . . . . . . Parts Stolen . | . . . . . . . . . . . . . . . . Parts Stripped . | . . . . . . . . . . . . . . . . Power Chain Reactions . | . . . . . . . . . . . . . . . . Missiles Intercepted . | . . . . . . . . . . . . . . . . Alert | -11 -10 -10 -9 -8 -7 -7 -7 -7 -6 -6 -5 -5 -5 -5 -4 ------- Run | Scr Mat Min Mat Mat Fac Low Low Dat Pro Fac Fac Upp Upp Zhi Pro Peak Influence 1346 | 35 286 422 1346 1074 826 . . . . 399 262 . . . . Initial 568 | . 22 111 164 568 466 . . . . 113 184 . . . . Average 563 | 11 199 286 873 765 644 . . . . 195 236 . . . . Maximum Alert Level 4 | . 1 2 4 3 3 . . . . 1 1 . . . . Low Security (%) 19 | 100 41 36 5 . . . . . . 57 19 . . . . Level 1 20 | . 58 25 11 . . . . . . 42 80 . . . . Level 2 26 | . . 38 18 51 54 . . . . . . . . . . Level 3 22 | . . . 16 48 45 . . . . . . . . . . Level 4 10 | . . . 48 . . . . . . . . . . . . Level 5 . | . . . . . . . . . . . . . . . . High Security . | . . . . . . . . . . . . . . . . Max Security . | . . . . . . . . . . . . . . . . Sterilizations 1 | . . . 1 . . . . . . . . . . . . Squads Dispatched 38 | . 3 . 10 6 5 . . . 1 12 . . 1 . . Investigation 11 | . 3 . 2 2 2 . . . . 2 . . . . . Extermination 3 | . . . . . 1 . . . . 2 . . . . . Reinforcement 11 | . . . 4 2 1 . . . . 4 . . . . . Assault 9 | . . . 4 2 1 . . . 1 . . . 1 . . Garrison 4 | . . . . . . . . . . 4 . . . . . Intercept . | . . . . . . . . . . . . . . . . Searches Triggered . | . . . . . . . . . . . . . . . . Data Miner Redirects 2 | . . . . . . . . . . 2 . . . . . Construction Impeded 3 | . . . 1 . . . . . . 2 . . . . . Haulers Reinforced 2 | . . . . . 1 . . . . 1 . . . . . Active Scanning Responses . | . . . . . . . . . . . . . . . . Cargo Convoy Interrupts 1 | . . . . . . . . . . 1 . . . . . Stealth | -11 -10 -10 -9 -8 -7 -7 -7 -7 -6 -6 -5 -5 -5 -5 -4 --------- Run | Scr Mat Min Mat Mat Fac Low Low Dat Pro Fac Fac Upp Upp Zhi Pro Distress Signals 11 | . . . 5 2 . . . . . 1 . . . . 3 Communications Jammed . | . . . . . . . . . . . . . . . . Distress Signals . | . . . . . . . . . . . . . . . . Times Spotted 306 | . 28 11 87 51 23 1 . . 16 41 2 1 29 . 16 Peak Tracking Total 13 | . 4 5 8 6 5 1 . . 6 9 1 1 13 . 9 Tactical Retreats 28 | . 2 1 6 8 1 . . . . 3 . . 5 . 2 Traps | -11 -10 -10 -9 -8 -7 -7 -7 -7 -6 -6 -5 -5 -5 -5 -4 ------- Run | Scr Mat Min Mat Mat Fac Low Low Dat Pro Fac Fac Upp Upp Zhi Pro Traps Triggered 10 | . 2 . 3 1 1 . . . . 3 . . . . . Indirectly . | . . . . . . . . . . . . . . . . Trap Hack Attempts . | . . . . . . . . . . . . . . . . Triggered . | . . . . . . . . . . . . . . . . Disarmed . | . . . . . . . . . . . . . . . . Reprogrammed . | . . . . . . . . . . . . . . . . Reused . | . . . . . . . . . . . . . . . . Traps Extracted . | . . . . . . . . . . . . . . . . Installed . | . . . . . . . . . . . . . . . . Triggered 1 | . . . . . 1 . . . . . . . . . . Machines | -11 -10 -10 -9 -8 -7 -7 -7 -7 -6 -6 -5 -5 -5 -5 -4 ---------- Run | Scr Mat Min Mat Mat Fac Low Low Dat Pro Fac Fac Upp Upp Zhi Pro Machines Disabled 28 | . . 3 6 1 13 . . . 1 2 1 . 1 . . Max in Single Turn 12 | . . 1 2 1 12 . . . . 1 1 . 1 . . Machines Sabotaged . | . . . . . . . . . . . . . . . . Garrisons Compromised . | . . . . . . . . . . . . . . . . Overloaded Fab Kills . | . . . . . . . . . . . . . . . . Hacking | -11 -10 -10 -9 -8 -7 -7 -7 -7 -6 -6 -5 -5 -5 -5 -4 --------- Run | Scr Mat Min Mat Mat Fac Low Low Dat Pro Fac Fac Upp Upp Zhi Pro Machines Accessed 59 | . 11 1 6 11 6 . . 4 . 7 3 1 . 9 . Terminals 28 | . 8 1 5 5 4 . . . . 4 1 . . . . Fabricators 3 | . . . . . 1 . . . . 1 1 . . . . Repair Stations 4 | . 1 . 1 2 . . . . . . . . . . . Recycling Units 4 | . 2 . . 1 . . . . . . 1 . . . . Scanalyzers 4 | . . . . 2 1 . . . . 1 . . . . . Garrison Access 2 | . . . . 1 . . . . . 1 . . . . . Total Hacks 211 | . 38 2 14 34 25 . . 29 . 16 4 1 . 48 . Successful 144 | . 20 . 6 15 16 . . 29 . 8 1 1 . 48 . Failed 65 | . 17 2 8 19 8 . . . . 8 3 . . . . Catastrophic 7 | . 1 . 3 1 . . . . . 2 . . . . . Database Lockouts 2 | . 1 . . . 1 . . . . . . . . . . Manual 79 | . 28 2 7 12 20 . . . . 8 2 . . . . Terminals 90 | . 34 2 11 13 20 . . . . 8 2 . . . . Fabricators 6 | . . . . . 2 . . . . 3 1 . . . . Repair Stations 13 | . 2 . 3 8 . . . . . . . . . . . Recycling Units 6 | . 2 . . 3 . . . . . . 1 . . . . Scanalyzers 12 | . . . . 7 3 . . . . 2 . . . . . Garrison Access 6 | . . . . 3 . . . . . 3 . . . . . Terminal Hacks 101 | . 10 . 3 1 7 . . 29 . 2 . 1 . 48 . Record 47 | . . . . . . . . 11 . . . . . 36 . Part Schematic 15 | . 1 . . . . . . 10 . . . . . 4 . Robot Schematic 5 | . . . . . . . . 5 . . . . . . . Robot Analysis 6 | . 1 . . . 1 . . . . . . . . 4 . Prototype ID Bank 7 | . . . . . . . . 3 . . . . . 4 . Open Door 1 | . . . . . . . . . . . . 1 . . . Open DSF 1 | . . . . . . . . . . 1 . . . . . Level Access Points 2 | . . . . . 1 . . . . 1 . . . . . Branch Access Points 2 | . 1 . . . 1 . . . . . . . . . . Terminal Index 2 | . 1 . . . 1 . . . . . . . . . . Alert Level 2 | . 1 . 1 . . . . . . . . . . . . Unreport Threat 3 | . . . 2 . 1 . . . . . . . . . . Locate Traps 1 | . 1 . . . . . . . . . . . . . . Zone Layout 7 | . 4 . . 1 2 . . . . . . . . . . Fabricator Hacks 4 | . . . . . 2 . . . . 2 . . . . . Load Schematic 2 | . . . . . 1 . . . . 1 . . . . . Build 2 | . . . . . 1 . . . . 1 . . . . . Repair Station Hacks 8 | . 2 . 2 4 . . . . . . . . . . . Scan Component 5 | . 1 . 1 3 . . . . . . . . . . . Repair 3 | . 1 . 1 1 . . . . . . . . . . . Recycling Unit Hacks 3 | . 2 . . . . . . . . . 1 . . . . Report Inventory 3 | . 2 . . . . . . . . . 1 . . . . Scanalyzer 12 | . . . . 7 3 . . . . 2 . . . . . Insert Component 6 | . . . . 4 1 . . . . 1 . . . . . Analyze 6 | . . . . 3 2 . . . . 1 . . . . . Garrison Access Hacks . | . . . . . . . . . . . . . . . . Unauthorized Hacks 16 | . 6 . 1 3 4 . . . . 2 . . . . . Terminals 15 | . 6 . 1 3 4 . . . . 1 . . . . . Track 1 | . 1 . . . . . . . . . . . . . . Assimilate 3 | . 1 . . 2 . . . . . . . . . . . Botnet 9 | . 3 . 1 1 3 . . . . 1 . . . . . Operators 2 | . 1 . . . 1 . . . . . . . . . . Fabricators 1 | . . . . . . . . . . 1 . . . . . Prioritize 1 | . . . . . . . . . . 1 . . . . . Repair Stations . | . . . . . . . . . . . . . . . . Recycling Units . | . . . . . . . . . . . . . . . . Scanalyzers . | . . . . . . . . . . . . . . . . Garrison Access . | . . . . . . . . . . . . . . . . Data Cores Recovered . | . . . . . . . . . . . . . . . . Used . | . . . . . . . . . . . . . . . . Hacking Detections 37 | . 8 1 5 10 5 . . . . 5 3 . . . . Full Trace Events 8 | . 1 . 1 3 1 . . . . 2 . . . . . Feedback Events . | . . . . . . . . . . . . . . . . Feedback Blocked . | . . . . . . . . . . . . . . . . Robot Schematics Acquired 5 | . . . . . . . . 5 . . . . . . . Robots Built . | . . . . . . . . . . . . . . . . Authchips . | . . . . . . . . . . . . . . . . Time . | . . . . . . . . . . . . . . . . Total Robot Build Rating . | . . . . . . . . . . . . . . . . Part Schematics Acquired 20 | . 1 . . 3 1 . . 10 . 1 . . . 4 . Parts Built 2 | . . . . . . . . . . 2 . . . . . Authchips . | . . . . . . . . . . . . . . . . Time 76 | . . . . . 51 . . . . 25 . . . . . Total Part Build Rating 2 | . . . . . . . . . . 2 . . . . . Parts Repaired 3 | . 1 . 1 1 . . . . . . . . . . . Time 108 | . 38 . 38 32 . . . . . . . . . . . Parts Recycled . | . . . . . . . . . . . . . . . . Recycled Matter . | . . . . . . . . . . . . . . . . Retrieved Matter . | . . . . . . . . . . . . . . . . Retrieved Components . | . . . . . . . . . . . . . . . . Parts Scanalyzed 5 | . . . . 3 1 . . . . 1 . . . . . Part Schematics Acquired 5 | . . . . 3 1 . . . . 1 . . . . . Parts Damaged 1 | . . . . . 1 . . . . . . . . . . Bothacking | -11 -10 -10 -9 -8 -7 -7 -7 -7 -6 -6 -5 -5 -5 -5 -4 ------------ Run | Scr Mat Min Mat Mat Fac Low Low Dat Pro Fac Fac Upp Upp Zhi Pro Used RIF Installer . | . . . . . . . . . . . . . . . . Robots Hacked . | . . . . . . . . . . . . . . . . Non-combat . | . . . . . . . . . . . . . . . . Combat . | . . . . . . . . . . . . . . . . Robot Hacks Applied . | . . . . . . . . . . . . . . . . Relay Couplers Released . | . . . . . . . . . . . . . . . . Fabnet Peak Effective % . | . . . . . . . . . . . . . . . . Robots Rewired 1 | . . . . . . . . . 1 . . . . . . Allies Hacked . | . . . . . . . . . . . . . . . . Hacks Repelled . | . . . . . . . . . . . . . . . . Allies | -11 -10 -10 -9 -8 -7 -7 -7 -7 -6 -6 -5 -5 -5 -5 -4 -------- Run | Scr Mat Min Mat Mat Fac Low Low Dat Pro Fac Fac Upp Upp Zhi Pro Total Allies 6 | . 1 3 . . . . . . 2 . . . . . . Largest Group 3 | . 1 3 . . . . . . 2 2 . . . . . Highest-Rated Group 128 | . 10 40 . . . . . . 128 128 . . . . . Highest-Rated Ally 96 | . 10 16 . . . . . . 96 96 . . . . . Total Orders 1 | . 1 . . . . . . . . . . . . . . STAY 1 | . 1 . . . . . . . . . . . . . . Ally Attacks 55 | . . 10 . . . . . . 31 14 . . . . . Total Damage 2293 | . . 67 . . . . . . 1167 1059 . . . . . Kills 11 | . . 2 . . . . . . 5 4 . . . . . Allies Corrupted . | . . . . . . . . . . . . . . . . Allies Melted . | . . . . . . . . . . . . . . . . Intel | -11 -10 -10 -9 -8 -7 -7 -7 -7 -6 -6 -5 -5 -5 -5 -4 ------- Run | Scr Mat Min Mat Mat Fac Low Low Dat Pro Fac Fac Upp Upp Zhi Pro Robot Analysis Total 6 | . 1 . . . 1 . . . . . . . . 4 . Derelict Logs Recovered 7 | . . . . . . 1 2 . 1 . . . 1 . 2 Drone Launches . | . . . . . . . . . . . . . . . . Drone Recoveries . | . . . . . . . . . . . . . . . . Exploration | -11 -10 -10 -9 -8 -7 -7 -7 -7 -6 -6 -5 -5 -5 -5 -4 ------------- Run | Scr Mat Min Mat Mat Fac Low Low Dat Pro Fac Fac Upp Upp Zhi Pro Turns Passed 11661 | 140 1184 228 1899 2417 1001 460 257 318 745 1390 241 727 391 174 89 Spaces Moved 6423 | 61 677 142 658 984 532 330 224 286 384 670 167 470 298 278 262 Core 268 | 1 . . . 2 . . . . . . . . 216 49 . Treads 1502 | . 45 2 433 410 47 . . . 248 317 . . . . . Legs 74 | . . . . . . . . . . . . . 74 . . Wheels 3749 | 60 632 140 225 572 485 330 224 286 136 135 46 470 8 . . Hover 573 | . . . . . . . . . . 218 121 . . 229 5 Flight 257 | . . . . . . . . . . . . . . . 257 Fastest Speed 29 | 50 100 120 120 115 110 110 110 110 110 51 48 140 50 50 29 Average Speed 135 | 94 119 121 200 177 131 131 110 110 165 127 79 150 105 58 30 Slowest Speed 500 | 100 240 240 240 500 145 140 110 110 305 300 161 155 270 60 60 Overloaded Moves . | . . . . . . . . . . . . . . . . Propulsion Burnouts . | . . . . . . . . . . . . . . . . Robots Hopped 2 | . . . . . . . . . . . . . . . 2 Cave-ins Triggered . | . . . . . . . . . . . . . . . . Exploration Rate (%) 46 | 4 98 25 70 81 17 38 39 75 56 22 5 59 45 62 40 Regions Visited 15 Branch Regions 9 Pre-discovered Areas 6 | . . . . . . . . 1 . . . . 1 3 1 Known Exits Taken 11 | . 1 . . 1 1 1 1 1 1 1 1 1 1 . . Unknown Exits Taken 4 | 1 . 1 1 . . . . . . . . . . 1 . Scrap Searched 10 | . . . . . . 2 2 . 1 . . 1 1 . 3 Spaces Dug 67 | . 4 . 6 17 8 . . . . 26 6 . . . . Terrain Destroyed 538 | . 4 25 130 59 153 . . . 43 67 11 2 44 . . Melee 55 | . . . . 17 8 . . . . 24 6 . . . . Projectile 32 | . 4 . 11 . . . . . 1 6 5 2 3 . . AOE 451 | . . 25 119 42 145 . . . 42 37 . . 41 . . Terrain Rammed . | . . . . . . . . . . . . . . . . Walls Destroyed . | . . . . . . . . . . . . . . . . Machines Disabled . | . . . . . . . . . . . . . . . . Actions | -11 -10 -10 -9 -8 -7 -7 -7 -7 -6 -6 -5 -5 -5 -5 -4 --------- Run | Scr Mat Min Mat Mat Fac Low Low Dat Pro Fac Fac Upp Upp Zhi Pro Total 8305 | 102 920 174 1017 1410 714 344 235 291 450 1003 243 481 361 290 270 Wait 737 | . 120 14 142 222 82 7 . . 25 82 43 . . . . Move 6404 | 60 676 141 657 983 531 329 223 285 383 669 166 469 297 277 258 Hop 2 | . . . . . . . . . . . . . . . 2 Pick Up 116 | 11 17 2 15 21 10 1 2 1 1 16 4 5 . 9 1 Fast Attach 74 | 7 3 . 4 12 4 1 4 1 3 27 5 . 1 . 2 Attach 66 | 1 1 1 10 10 9 1 . . 2 13 6 . 5 3 4 Detach 20 | . . . 1 4 1 . . 1 1 5 2 . 2 . 3 Swap 78 | 1 16 1 19 14 6 . . . 6 13 . 1 1 . . Drop 86 | 3 16 1 14 19 3 . 6 3 . 17 . 1 2 1 . Fire 436 | 19 71 14 155 26 33 5 . . 23 58 4 5 23 . . Melee 254 | . . . . 99 35 . . . . 77 13 . 30 . . Ram . | . . . . . . . . . . . . . . . . Kick . | . . . . . . . . . . . . . . . . Crush 6 | . . . . . . . . . 6 . . . . . . Escape Stasis 26 | . . . . . . . . . . 26 . . . . . Rewire . | . . . . . . . . . . . . . . . . Trap . | . . . . . . . . . . . . . . . . Miscellaneous . | . . . . . . . . . . . . . . . . Route ------- -11/Scrapyard -10/Materials (discovered 5 exits: *Mat x3 / *Min x2) -10/Mines (discovered 2 exits: *Mat x2) -9/Materials (discovered 3 exits: *Mat x2 / [*Min]) -8/Materials (discovered 2 exits: *Fac / [*Sto]) -7/Factory (discovered 6 exits: Fac x4 / *Low x2) -7/Lower Caves -7/Lower Caves -7/Data Miner -6/Proximity Caves -6/Factory (discovered 5 exits: *Fac x4 / Ext) -5/Factory (discovered 2 exits: *Upp x2) -5/Upper Caves -5/Upper Caves -5/Zhirov -4/Proximity Caves History --------- Turn | Location | Event 8 | -11/Scrapyard | Discovered new exit (range 15) 141 | -11/Scrapyard | Entered Materials 312 | -10/Materials | Build established: Mutant 353 | -10/Materials | Discovered new exit (range 12) 710 | -10/Materials | Discovered new exit (range 16) 737 | -10/Materials | Identified exit to Mines 821 | -10/Materials | Discovered new exit (range 14) 984 | -10/Materials | Central database locked down 1016 | -10/Materials | Discovered new exit (range 15) 1216 | -10/Materials | Repaired Imp. Terrain Scanner? 1325 | -10/Materials | Entered Mines 1371 | -10/Mines | Assisted by bots powering up and referring to "LRC-V3" 1411 | -10/Mines | Discovered new exit (range 5) 1448 | -10/Mines | Core integrity fell below 50% 1547 | -10/Mines | Discovered new exit (range 6) 1548 | -10/Mines | Assembled infested the area 1553 | -10/Mines | Entered Materials 1553 | -9/Materials | Evolved 2 slots: Utility x2 1623 | -9/Materials | Repaired Imp. Heat Sink 2236 | -9/Materials | Build established: Scavenger-Mutant 2280 | -9/Materials | Discovered new exit (range 13) 2306 | -9/Materials | Destroyed 8 combat bots 2353 | -9/Materials | First assault squad dispatched 2413 | -9/Materials | Destroyed 7 combat bots 2686 | -9/Materials | Build established: Mutant 2711 | -9/Materials | Discovered new exit (range 16) 3163 | -9/Materials | Core integrity fell below 50% 3236 | -9/Materials | Discovered new exit (range 16) 3264 | -9/Materials | Destroyed 9 combat bots 3269 | -9/Materials | Lost 3 parts (1p1n1u) 3292 | -9/Materials | Sterilization system engaged 3292 | -9/Materials | Non-combat units ordered to evacuate 3392 | -9/Materials | Combat units ordered to evacuate 3452 | -9/Materials | Entered another Materials area 3452 | -8/Materials | Evolved 2 slots: Utility x2 3992 | -8/Materials | Build established: Scavenger-Skirmisher 4135 | -8/Materials | Discovered new exit (range 14) 4252 | -8/Materials | First assault squad dispatched 4414 | -8/Materials | Repaired Mni. Grenade Launcher 4810 | -8/Materials | Build established: Mutant 4890 | -8/Materials | Lost 4 parts (1p1n2u) 5234 | -8/Materials | Core integrity fell below 50% 5832 | -8/Materials | Discovered new exit (range 16) 5850 | -8/Materials | Identified exit to Factory 5869 | -8/Materials | Entered Factory 5869 | -7/Factory | Evolved 2 slots: Propulsion x1, Utility x1 5984 | -7/Factory | Central database locked down 5984 | -7/Factory | Identified exit to Lower Caves 6162 | -7/Factory | Build established: Hacker-Mutant 6228 | -7/Factory | Identified exit to Factory 6269 | -7/Factory | First assault squad dispatched 6384 | -7/Factory | System corruption reached 10% 6415 | -7/Factory | Lost 6 parts (1p2n2u1w) 6686 | -7/Factory | Build established: Scavenger-Mutant 6870 | -7/Factory | Entered Lower Caves 7091 | -7/Lower Caves | Encountered a Warlord checkpoint 7209 | -7/Lower Caves | Attracted the attention of an 0b10 checkpoint 7320 | -7/Lower Caves | Discovered new exit (range 5) 7327 | -7/Lower Caves | Identified exit to Lower Caves 7330 | -7/Lower Caves | Entered another Lower Caves area 7478 | -7/Lower Caves | Learned 4 Factory zone layouts 7574 | -7/Lower Caves | Discovered new exit (range 9) 7586 | -7/Lower Caves | Identified exit to Data Miner 7587 | -7/Lower Caves | Entered Data Miner 7588 | -7/Data Miner | Discovered new exit (range 6) 7620 | -7/Data Miner | Met Data Miner 7661 | -7/Data Miner | Learned location of Section 7 (-2) 7661 | -7/Data Miner | Acquired the access code to Warlord's prototype stash 7672 | -7/Data Miner | Received God Mode back door access code from Data Miner 7893 | -7/Data Miner | Identified exit to Proximity Caves 7905 | -7/Data Miner | Entered Proximity Caves 7937 | -6/Proximity Caves | Escorted by Enhanced Grunt 8113 | -6/Proximity Caves | Attracted the attention of an 0b10 outpost 8372 | -6/Proximity Caves | Learned 4 Factory zone layouts 8570 | -6/Proximity Caves | Discovered exit to Factory (range 10) 8650 | -6/Proximity Caves | Entered Factory 8650 | -6/Factory | Accompanied by 2 allies 8650 | -6/Factory | Evolved 2 slots: Propulsion x1, Utility x1 8651 | -6/Factory | Identified exit to Extension 9039 | -6/Factory | Build established: Hacker-Mutant 9558 | -6/Factory | Garrison activated, responded to threat 9570 | -6/Factory | Incoming investigation squad redirected 9581 | -6/Factory | Cargo convoy interrupted 9626 | -6/Factory | Lost 8 parts (1p4n2u1w) 9629 | -6/Factory | Destroyed 9 combat bots 9647 | -6/Factory | Core integrity fell below 50% 9685 | -6/Factory | Lost 7 parts (3n3u1w) 9799 | -6/Factory | Core integrity fell below 20% 9799 | -6/Factory | Garrison activated, responded to threat 9834 | -6/Factory | Destroyed 7 combat bots 9839 | -6/Factory | Spotted B-75 Beast 9843 | -6/Factory | Lost 11 parts (1p4n4u2w) 9871 | -6/Factory | Identified exit to Factory 9907 | -6/Factory | Incoming investigation squad redirected 9908 | -6/Factory | Fabricated Lgt. Armor Plating (x2) 10040 | -6/Factory | Entered another Factory area 10040 | -5/Factory | Evolved 2 slots: Power x1, Utility x1 10041 | -5/Factory | Identified exit to Upper Caves 10219 | -5/Factory | Lost 3 parts (1n1u1w) 10281 | -5/Factory | Entered Upper Caves 10474 | -5/Upper Caves | Build established: Scavenger-Mutant 10772 | -5/Upper Caves | Attracted the attention of an 0b10 checkpoint 10853 | -5/Upper Caves | Discovered new exit (range 15) 10874 | -5/Upper Caves | Identified exit to Upper Caves 11008 | -5/Upper Caves | Entered another Upper Caves area 11020 | -5/Upper Caves | Attracted the attention of an 0b10 outpost 11122 | -5/Upper Caves | Lost 8 parts (3n3u2w) 11155 | -5/Upper Caves | Build established: Hacker-Mutant 11290 | -5/Upper Caves | Released all parts (9) 11354 | -5/Upper Caves | Core integrity fell below 50% 11370 | -5/Upper Caves | Learned location of Armory (-3) 11394 | -5/Upper Caves | Core integrity fell below 20% 11394 | -5/Upper Caves | Discovered new exit (range 10) 11399 | -5/Upper Caves | Identified exit to Zhirov 11399 | -5/Upper Caves | Entered Zhirov 11399 | -5/Zhirov | Discovered new exit (range 3) 11409 | -5/Zhirov | Met Zhirov 11428 | -5/Zhirov | Found Alien Artifact 11436 | -5/Zhirov | Found Alien Artifact 11478 | -5/Zhirov | Learned location of Quarantine (-2) 11478 | -5/Zhirov | Learned location of Testing (-3) 11478 | -5/Zhirov | Learned location of Command (-1) 11494 | -5/Zhirov | Zhirov requested help retrieving the SGEMP Prototype 11573 | -5/Zhirov | Entered Proximity Caves 11590 | -4/Proximity Caves | Learned Research stockpile data 11610 | -4/Proximity Caves | Attracted the attention of an 0b10 checkpoint 11662 | -4/Proximity Caves | Destroyed by D-63 Destroyer with Heavy Rocket Launcher Last Messages --------------- 11594_ Found Hvy. Shock Bomb Launcher. 11594_ Found 17 Matter. 11595_ Acquired 17 matter. 11595_ Acquired Lgt. Fission Core. 11610_ Y-64 Sentinel: "INTERCEPTING UNREGISTERED DERELICT." 11612_ Slug penetrates Wall. 11620_ S-27 Virus destroyed. 11626_ Lgt. Fission Core destroyed. 11638_ Penetrated by Slug. 11639_ Searching scrap... 11639_ Found Unknown Hackware. 11639_ Found 13 Matter. 11640_ Acquired Unknown Hackware. 11640_ Identified Mak. Hacking Suite. 11641_ Penetrated by Slug. 11641_ Slug penetrates Wall. 11642_ Penetrated by Slug. 11642_ Slug penetrates Wall. 11645_ Penetrated by Slug. 11661_ Target Drone destroyed. Map ----- +----------------------------------------------------+ | ?????????????????????????????????????????????????? | | ?????????????????????????????????????????????????? | | ?????????????????????????????????????????????????? | | ?????????????????????????????????????????????????? | | ?????????????????????????????????????????????????? | | ?????????????????????????????????????????????????? | | ?????????????????????????????????????????????????? | | ?????????????????????????????????????????????????? | | ?????????????????????????????????????????????????? | | ?????????????????????????????????????????????????? | | ??????????????????????? ?????????????????????? | | ????????????????????? ???????????????????? | | ?????????????????? ????????????????? | | ???????????????? ??????????????? | | ?????????????? ????????????? | | ?????????????? ???????????? | | ????????????? #??????????? | | ????????????? #??????????? | | ???????????? =! < #??????????? | | ???????????? i #??????????? | | ???????????? #??????????? | | ??????????? #??????????? | | ??????????? d #??????????? | | ?????????? #??????????? | | ?????????? ######?????? | | ?????????? @ #?????? | | ?????????? #?????? | | ?????????? #?????? | | ??????????? #?????? | | ??????????? #?????? | | ???????????? #?????? | | ???????????? #?????? | | ???????????? #?????? | | ????????????? #?????? | | ????????????? #?????? | | ??????????????#### id ######### ######?????? | | ?????????????????# #???????# #??????????? | | ?????????????????###########???????#++#??????????? | | ???????????????????????????????????# #??????????? | | ???????????????????????????????????# #??????????? | | ?##??????????????#######?????????### #######????? | | #????###??????# ####?????# ##???? | | ##?## ##?????# ##????# #???? | | ### #??????# ###### ##### ##??? | | ? ## #??????????# #???## ##?? | | ??# #????????????# #??#### #?? | | #### #?????####????## #######??# #?? | | ## ##???## ##???## #????????# ##?? | | #####% ##### ##???????## ######??? | | #???????## ##?????? | +----------------------------------------------------+ Best States ------------- Heat Dissipation 45 Energy Generation 35 Energy Capacity 300 Matter Stores 379 Matter Capacity 400 Sight Range 20 Robot Scan Range 15 Terrain Scan Range 16 Terrain Scan Density 210 Armor Coverage 600 Resistance: TH 10 Resistance: EX 25 Evasion (%) 64 Melee Accuracy 8 Recoil Reduction 2 Offensive Hacking 40 Item Schematics ----------------- Lgt. Armor Plating | -10/Materials | Hacked Mni. Grenade Launcher | -8/Materials | Scanalyzed Hacking Suite | -8/Materials | Scanalyzed Missile Launcher | -8/Materials | Scanalyzed Prc. Grenade Launcher | -7/Factory | Scanalyzed Combat Drone Bay | -7/Data Miner | Free Lgt. Regenerative Plating | -7/Data Miner | Free Cld. Aerolev Unit | -7/Data Miner | Free Gravity Neutralizer | -7/Data Miner | Free Com. Ion Cannon | -7/Data Miner | Free Arm. Medium Treads | -7/Data Miner | Free Imp. Dynamic Insulation System | -7/Data Miner | Free Hvy. Shock Bomb Launcher | -7/Data Miner | Free Lrn. Sensor Array | -7/Data Miner | Free Imp. Plasma Cutter | -7/Data Miner | Free Imp. VSS Leg | -6/Factory | Scanalyzed Assault Drone Bay | -5/Zhirov | Free Exp. Heat Sink | -5/Zhirov | Free Exp. Optical Array | -5/Zhirov | Free Imp. Arc Thrower | -5/Zhirov | Free Robot Schematics ------------------ R-10 Processor | -7/Data Miner | Free H-66 Slayer | -7/Data Miner | Free S-27 Virus | -7/Data Miner | Free B-48 Gladiator | -7/Data Miner | Free Y-64 Sentinel | -7/Data Miner | Free Fabricated ------------ Lgt. Armor Plating | x2 | -6/Factory Alien Tech Used ----------------- None Achievements -------------- It Was An Accident, I Swear Knowing Is Half The Battle Challenges ------------ None Game ------ Seed TargetDroneHammer Manual? 0 Play Time 02:41:40 Cumulative 120.4 hours Start 2022.08.01 @ 21:02:15 End 2022.08.02 @ 21:49:47 Sessions 3 Manual Loads 0 Difficulty Rogue Special Mode None Game No. 73 Rogue 72 Adventurer 0 Explorer 1 Win Type - Total 0 Types 0/0/0/0/0/0/0/0/0 Lore% 36 Gallery% 43 Achievement% 33 Wizard Run 0 Options --------- ASCII 0 Keyboard 0 Movement Mouse Keybinds 0 Fullscreen 1 Font 18/SmallcapsGlow Map View 76x50 Tactical HUD 1 Map Filters NONE Filters NONE Steam 1 RUN: f824611f-7527-4aa9-b621-d66ab528abef